[ AOE2 MATCH · #492582172 ]
UnrankedByzantines vs Slavs
[ REPLAY ANALYSIS · EXTRACTED FROM THE RECORDED GAME ]
Feudal
11:02
Castle
17:15
Imperial
32:14
| APM avg | 51.3 |
| APM peak | 119 |
| eAPM avg | 27.0 |
| Villagers / military | 90 / 12 |
Focus
⚔️ 6.1% · 🌾 93.9%
Trebuchet (Packed) ×7 · Mangonel ×5
Feudal
19:08
Castle
24:30
Imperial
—
| APM avg | 13.1 |
| APM peak | 32 |
| eAPM avg | 11.3 |
| Villagers / military | 98 / 0 |
Focus
⚔️ 6.4% · 🌾 93.6%
Feudal
12:27
Castle
19:33
Imperial
34:56
| APM avg | 19.9 |
| APM peak | 55 |
| eAPM avg | 12.4 |
| Villagers / military | 138 / 76 |
Focus
⚔️ 12.4% · 🌾 87.6%
Mameluke ×75 · Monk ×1
Feudal
11:20
Castle
15:12
Imperial
—
| APM avg | 33.6 |
| APM peak | 92 |
| eAPM avg | 14.3 |
| Villagers / military | 80 / 45 |
Focus
⚔️ 15.7% · 🌾 84.3%
Scorpion ×28 · Knight ×11 · Spearman ×4 · Monk ×2
Feudal
13:17
Castle
20:33
Imperial
36:41
| APM avg | 19.5 |
| APM peak | 44 |
| eAPM avg | 14.1 |
| Villagers / military | 134 / 28 |
Focus
⚔️ 12.7% · 🌾 87.3%
Spearman ×14 · Scorpion ×12 · Monk ×1 · Mangonel ×1
Feudal
11:09
Castle
15:22
Imperial
—
| APM avg | 44.3 |
| APM peak | 107 |
| eAPM avg | 19.2 |
| Villagers / military | 77 / 45 |
Focus
⚔️ 16.4% · 🌾 83.6%
Hussite Wagon ×38 · Battering Ram ×4 · Mangonel ×3
Feudal
11:25
Castle
17:12
Imperial
32:06
| APM avg | 18.6 |
| APM peak | 36 |
| eAPM avg | 13.1 |
| Villagers / military | 121 / 29 |
Focus
⚔️ 12.3% · 🌾 87.7%
Cataphract ×21 · Monk ×5 · Trebuchet (Packed) ×3
Feudal
13:16
Castle
16:52
Imperial
20:56
| APM avg | 24.8 |
| APM peak | 59 |
| eAPM avg | 10.4 |
| Villagers / military | 68 / 28 |
Focus
⚔️ 14.2% · 🌾 85.8%
Hand Cannoneer ×18 · Bombard Cannon ×10
Match map
Initial resources + every placement click. Lines = walls · curves = elevation contours. ◆ gold · ⬟ stone · ● berries · ✦ relic · ◌ wall gap
Your base· ✓ Closed at 17:15 · 0t walls · 2 gate(s)
Maxsterly's base· ✓ Closed at 24:30 · 8t walls · 2 gate(s)
hknarsln's base· ✓ Closed at 19:33 · 0t walls · 2 gate(s)
Big Titty Skaven GF's base· ✓ Closed at 15:12 · 0t walls · 3 gate(s)
Arno l'architecte's base· ✓ Closed at 20:33 · 0t walls · 3 gate(s)
CDLP_Themachine's base· ✓ Closed at 15:22 · 0t walls · 3 gate(s)
AlexTheDragon's base· ✓ Closed at 17:12 · 0t walls · 2 gate(s)
一株雪见草's base· ✓ Closed at 16:52 · 0t walls · 3 gate(s)
Smoothed initial terrain · ◌ = detected wall gap · hover for details
Inputs per minute
— Shif - - Maxsterly
Build order — Shif
First 150 of 195 actions detected
| 0:03 | Queue | Villager (Male) |
| 0:03 | Queue | Villager (Male) |
| 0:03 | Queue | Villager (Male) |
| 0:04 | Queue | Villager (Male) |
| 0:08 | Build | House |
| 0:14 | Build | House |
| 1:31 | Queue | Villager (Male) |
| 1:31 | Queue | Villager (Male) |
| 2:05 | Queue | Villager (Male) |
| 2:06 | Queue | Villager (Male) |
| 2:31 | Queue | Villager (Male) |
| 2:31 | Queue | Villager (Male) |
| 3:01 | Queue | Villager (Male) |
| 3:01 | Queue | Villager (Male) |
| 3:21 | Queue | Villager (Male) |
| 3:22 | Queue | Villager (Male) |
| 3:37 | Build | Lumber Camp |
| 3:47 | Queue | Villager (Male) |
| 3:47 | Queue | Villager (Male) |
| 3:55 | Build | House |
| 4:06 | Queue | Villager (Male) |
| 4:43 | Queue | Villager (Male) |
| 4:43 | Queue | Villager (Male) |
| 5:14 | Queue | Villager (Male) |
| 5:14 | Queue | Villager (Male) |
| 6:23 | Queue | Villager (Male) |
| 6:23 | Queue | Villager (Male) |
| 6:31 | Build | House |
| 7:14 | Queue | Villager (Male) |
| 7:37 | Queue | Villager (Male) |
| 7:45 | Build | House |
| 8:03 | Queue | Villager (Male) |
| 8:23 | Build | Mill |
| 8:52 | Research | Feudal Age |
| 8:52 | Research | Feudal Age |
| 10:09 | Build | Farm |
| 10:15 | Build | Farm |
| 10:28 | Build | Mill |
| 11:02 | Age | Feudal Age |
| 11:10 | Build | Mining Camp |
| 11:13 | Queue | Villager (Male) |
| 11:14 | Queue | Villager (Male) |
| 11:18 | Build | Farm |
| 11:20 | Build | Farm |
| 11:21 | Build | Farm |
| 11:41 | Queue | Villager (Male) |
| 11:51 | Build | Market |
| 12:09 | Build | Farm |
| 12:11 | Queue | Villager (Male) |
| 12:20 | Build | Farm |
| 12:22 | Build | Farm |
| 12:24 | Build | Farm |
| 12:54 | Queue | Villager (Male) |
| 13:02 | Build | Blacksmith |
| 13:13 | Queue | Villager (Male) |
| 13:26 | Build | House |
| 13:43 | Queue | Villager (Male) |
| 14:10 | Queue | Villager (Male) |
| 14:31 | Research | Castle Age |
| 14:32 | Research | Castle Age |
| 14:43 | Build | Mining Camp |
| 15:51 | Build | House |
| 15:52 | Build | House |
| 15:55 | Research | Double-Bit Axe |
| 15:57 | Research | Horse Collar |
| 17:00 | Build | House |
| 17:15 | Age | Castle Age |
| 17:15 | Build | Stone Wall |
| 17:27 | Build | Stone Wall |
| 17:35 | Build | Stone Wall |
| 17:44 | Queue | Villager (Male) |
| 17:45 | Queue | Villager (Male) |
| 17:45 | Queue | Villager (Male) |
| 18:26 | Build | Barracks |
| 18:33 | Build | House |
| 18:33 | Build | House |
| 18:35 | Build | House |
| 18:35 | Build | House |
| 18:47 | Build | Gate |
| 19:13 | Queue | Villager (Male) |
| 19:13 | Queue | Villager (Male) |
| 19:13 | Queue | Villager (Male) |
| 19:24 | Build | Siege Workshop |
| 19:35 | Queue | Villager (Male) |
| 19:46 | Build | Town Center |
| 20:10 | Queue | Mangonel |
| 20:19 | Build | Farm |
| 20:35 | Queue | Villager (Male) |
| 21:06 | Queue | Villager (Male) |
| 21:06 | Queue | Villager (Male) |
| 21:11 | Queue | Villager (Male) |
| 21:11 | Queue | Villager (Male) |
| 21:11 | Queue | Villager (Male) |
| 21:11 | Queue | Villager (Male) |
| 22:06 | Build | Farm |
| 22:08 | Queue | Villager (Male) |
| 22:21 | Queue | Mangonel |
| 22:21 | Queue | Mangonel |
| 23:11 | Queue | Villager (Male) |
| 23:11 | Queue | Villager (Male) |
| 23:12 | Queue | Villager (Male) |
| 23:14 | Build | Farm |
| 23:21 | Queue | Villager (Male) |
| 23:22 | Queue | Villager (Male) |
| 23:22 | Queue | Villager (Male) |
| 23:44 | Queue | Mangonel |
| 23:54 | Build | Castle |
| 24:00 | Queue | Villager (Male) |
| 24:00 | Queue | Villager (Male) |
| 25:19 | Queue | Villager (Male) |
| 25:20 | Queue | Villager (Male) |
| 25:20 | Queue | Villager (Male) |
| 25:53 | Queue | Villager (Male) |
| 25:53 | Queue | Villager (Male) |
| 26:03 | Build | Town Center |
| 26:06 | Queue | Villager (Male) |
| 26:07 | Queue | Villager (Male) |
| 26:36 | Build | Farm |
| 26:41 | Build | Farm |
| 26:47 | Build | Farm |
| 27:10 | Build | University |
| 29:04 | Research | Imperial Age |
| 29:21 | Build | Castle |
| 29:27 | Queue | Villager (Male) |
| 29:28 | Queue | Villager (Male) |
| 29:28 | Queue | Villager (Male) |
| 29:39 | Queue | Villager (Male) |
| 29:39 | Queue | Villager (Male) |
| 30:11 | Research | Fortified Wall (upgrade) |
| 31:07 | Queue | Villager (Male) |
| 31:07 | Queue | Villager (Male) |
| 31:08 | Queue | Villager (Male) |
| 31:08 | Queue | Villager (Male) |
| 31:08 | Queue | Villager (Male) |
| 31:08 | Queue | Villager (Male) |
| 31:13 | Build | Farm |
| 31:13 | Build | Farm |
| 31:13 | Build | Farm |
| 31:13 | Build | Farm |
| 31:13 | Build | Farm |
| 31:14 | Build | Farm |
| 31:14 | Build | Farm |
| 31:14 | Build | Farm |
| 31:14 | Build | Farm |
| 31:14 | Build | Farm |
| 31:15 | Build | Farm |
| 31:15 | Build | Farm |
| 31:15 | Build | Farm |
| 31:15 | Build | Farm |
| 31:16 | Build | Farm |
Build order — Maxsterly
First 150 of 242 actions detected
| 0:50 | Build | House |
| 0:53 | Build | House |
| 0:54 | Build | House |
| 0:56 | Build | House |
| 1:00 | Queue | Villager (Male) |
| 1:01 | Queue | Villager (Male) |
| 1:01 | Queue | Villager (Male) |
| 1:01 | Queue | Villager (Male) |
| 1:39 | Build | Mill |
| 2:34 | Research | Loom |
| 3:02 | Build | Farm |
| 3:44 | Build | Farm |
| 4:23 | Build | Farm |
| 4:56 | Queue | Villager (Male) |
| 4:56 | Queue | Villager (Male) |
| 5:03 | Build | Farm |
| 5:32 | Queue | Villager (Male) |
| 5:32 | Queue | Villager (Male) |
| 5:33 | Queue | Villager (Male) |
| 5:33 | Queue | Villager (Male) |
| 5:34 | Queue | Villager (Male) |
| 5:34 | Queue | Villager (Male) |
| 5:59 | Build | Farm |
| 6:19 | Queue | Villager (Male) |
| 6:57 | Queue | Villager (Male) |
| 6:57 | Queue | Villager (Male) |
| 7:11 | Queue | Villager (Male) |
| 7:11 | Queue | Villager (Male) |
| 7:28 | Build | Lumber Camp |
| 7:45 | Queue | Villager (Male) |
| 8:05 | Queue | Villager (Male) |
| 8:05 | Queue | Villager (Male) |
| 8:35 | Queue | Villager (Male) |
| 8:42 | Build | Farm |
| 8:45 | Build | Farm |
| 8:54 | Queue | Villager (Male) |
| 9:24 | Queue | Villager (Male) |
| 9:25 | Queue | Villager (Male) |
| 9:30 | Build | Farm |
| 9:39 | Queue | Villager (Male) |
| 9:40 | Queue | Villager (Male) |
| 9:56 | Build | Farm |
| 10:01 | Queue | Villager (Male) |
| 10:16 | Build | House |
| 10:18 | Queue | Villager (Male) |
| 10:18 | Queue | Villager (Male) |
| 10:21 | Build | Farm |
| 10:28 | Build | House |
| 10:42 | Queue | Villager (Male) |
| 10:42 | Queue | Villager (Male) |
| 10:48 | Build | Farm |
| 10:59 | Queue | Villager (Male) |
| 10:59 | Queue | Villager (Male) |
| 11:06 | Build | Farm |
| 11:07 | Queue | Villager (Male) |
| 11:20 | Queue | Villager (Male) |
| 11:39 | Build | Farm |
| 11:48 | Queue | Villager (Male) |
| 11:48 | Queue | Villager (Male) |
| 11:49 | Queue | Villager (Male) |
| 12:00 | Build | Farm |
| 12:07 | Queue | Villager (Male) |
| 12:11 | Build | Farm |
| 12:11 | Build | Farm |
| 12:17 | Queue | Villager (Male) |
| 12:17 | Queue | Villager (Male) |
| 12:25 | Build | Farm |
| 12:25 | Build | Farm |
| 12:35 | Queue | Villager (Male) |
| 12:35 | Queue | Villager (Male) |
| 12:35 | Queue | Villager (Male) |
| 12:56 | Queue | Villager (Male) |
| 12:56 | Queue | Villager (Male) |
| 13:18 | Queue | Villager (Male) |
| 13:19 | Queue | Villager (Male) |
| 13:19 | Queue | Villager (Male) |
| 13:42 | Build | Farm |
| 13:45 | Build | Farm |
| 13:52 | Queue | Villager (Male) |
| 13:59 | Build | Farm |
| 14:01 | Build | Farm |
| 15:00 | Build | Mill |
| 15:02 | Build | Farm |
| 15:02 | Build | Farm |
| 15:03 | Build | Farm |
| 15:03 | Build | Farm |
| 15:03 | Build | Farm |
| 15:03 | Build | Farm |
| 15:38 | Build | Farm |
| 15:38 | Build | Farm |
| 15:39 | Build | Farm |
| 15:45 | Build | Farm |
| 15:55 | Build | Farm |
| 16:04 | Build | House |
| 16:26 | Research | Feudal Age |
| 17:04 | Queue | Villager (Male) |
| 17:05 | Queue | Villager (Male) |
| 17:05 | Queue | Villager (Male) |
| 17:05 | Queue | Villager (Male) |
| 17:06 | Queue | Villager (Male) |
| 17:14 | Build | House |
| 18:21 | Build | Mining Camp |
| 19:08 | Age | Feudal Age |
| 19:09 | Research | Double-Bit Axe |
| 19:12 | Research | Horse Collar |
| 19:18 | Build | Farm |
| 19:29 | Build | Market |
| 19:45 | Research | Stone Mining |
| 20:05 | Build | House |
| 20:49 | Build | Blacksmith |
| 21:00 | Queue | Villager (Male) |
| 21:01 | Queue | Villager (Male) |
| 21:01 | Queue | Villager (Male) |
| 21:49 | Research | Castle Age |
| 21:56 | Research | Wheelbarrow |
| 23:10 | Build | Barracks |
| 23:12 | Queue | Villager (Male) |
| 23:12 | Queue | Villager (Male) |
| 23:12 | Queue | Villager (Male) |
| 23:13 | Queue | Villager (Male) |
| 24:01 | Build | Stone Wall |
| 24:21 | Build | Stable |
| 24:30 | Age | Castle Age |
| 24:39 | Research | Bow Saw |
| 24:41 | Research | Heavy Plow |
| 25:18 | Build | Castle |
| 25:47 | Build | Mill |
| 26:12 | Build | Farm |
| 26:12 | Build | Farm |
| 26:13 | Build | Farm |
| 26:13 | Build | Farm |
| 26:13 | Build | Farm |
| 26:13 | Build | Farm |
| 26:27 | Build | Farm |
| 26:28 | Build | Farm |
| 26:28 | Build | Farm |
| 26:28 | Build | Farm |
| 26:28 | Build | Farm |
| 26:38 | Build | Mill |
| 26:46 | Build | Mill |
| 27:05 | Queue | Villager (Male) |
| 27:05 | Queue | Villager (Male) |
| 27:05 | Queue | Villager (Male) |
| 27:08 | Build | Farm |
| 27:16 | Build | Farm |
| 27:19 | Build | Farm |
| 27:34 | Build | Farm |
| 27:39 | Build | Farm |
| 27:48 | Queue | Villager (Male) |
| 27:48 | Queue | Villager (Male) |
Build order — hknarsln
First 150 of 295 actions detected
| 0:00 | Queue | Villager (Male) |
| 0:01 | Queue | Villager (Male) |
| 0:01 | Queue | Villager (Male) |
| 0:01 | Queue | Villager (Male) |
| 0:02 | Queue | Villager (Male) |
| 0:03 | Build | House |
| 0:05 | Build | House |
| 1:24 | Queue | Villager (Male) |
| 1:24 | Queue | Villager (Male) |
| 2:05 | Queue | Villager (Male) |
| 2:05 | Queue | Villager (Male) |
| 2:14 | Queue | Villager (Male) |
| 2:14 | Queue | Villager (Male) |
| 2:38 | Build | House |
| 2:49 | Build | Lumber Camp |
| 2:52 | Queue | Villager (Male) |
| 2:52 | Queue | Villager (Male) |
| 3:14 | Queue | Villager (Male) |
| 3:15 | Queue | Villager (Male) |
| 3:15 | Queue | Villager (Male) |
| 4:01 | Queue | Villager (Male) |
| 4:01 | Queue | Villager (Male) |
| 4:02 | Queue | Villager (Male) |
| 4:28 | Queue | Villager (Male) |
| 4:28 | Queue | Villager (Male) |
| 4:29 | Queue | Villager (Male) |
| 5:16 | Queue | Villager (Male) |
| 5:17 | Queue | Villager (Male) |
| 5:17 | Queue | Villager (Male) |
| 5:17 | Queue | Villager (Male) |
| 5:20 | Build | Mill |
| 5:30 | Build | House |
| 5:31 | Build | House |
| 5:33 | Build | House |
| 5:35 | Build | House |
| 5:54 | Build | House |
| 5:57 | Queue | Villager (Male) |
| 5:57 | Queue | Villager (Male) |
| 5:58 | Queue | Villager (Male) |
| 5:58 | Queue | Villager (Male) |
| 6:39 | Queue | Villager (Male) |
| 6:40 | Queue | Villager (Male) |
| 6:40 | Queue | Villager (Male) |
| 6:40 | Queue | Villager (Male) |
| 6:58 | Queue | Villager (Male) |
| 6:59 | Queue | Villager (Male) |
| 7:47 | Queue | Villager (Male) |
| 7:48 | Queue | Villager (Male) |
| 8:01 | Queue | Villager (Male) |
| 8:01 | Queue | Villager (Male) |
| 8:02 | Queue | Villager (Male) |
| 8:02 | Queue | Villager (Male) |
| 8:02 | Queue | Villager (Male) |
| 8:15 | Build | Mining Camp |
| 10:05 | Build | Mill |
| 10:07 | Research | Feudal Age |
| 11:22 | Queue | Villager (Male) |
| 11:22 | Queue | Villager (Male) |
| 11:22 | Queue | Villager (Male) |
| 11:22 | Queue | Villager (Male) |
| 12:27 | Age | Feudal Age |
| 12:36 | Build | Mining Camp |
| 12:38 | Queue | Villager (Male) |
| 12:39 | Queue | Villager (Male) |
| 12:39 | Queue | Villager (Male) |
| 12:55 | Build | Blacksmith |
| 12:58 | Build | Market |
| 13:37 | Research | Double-Bit Axe |
| 13:48 | Queue | Villager (Male) |
| 13:49 | Queue | Villager (Male) |
| 13:49 | Queue | Villager (Male) |
| 13:49 | Queue | Villager (Male) |
| 14:19 | Build | Farm |
| 14:20 | Build | Farm |
| 14:20 | Build | Farm |
| 14:27 | Build | Farm |
| 14:27 | Build | Farm |
| 14:27 | Build | Farm |
| 14:27 | Build | Farm |
| 14:48 | Build | Farm |
| 14:48 | Build | Farm |
| 14:48 | Build | Farm |
| 14:49 | Build | Farm |
| 14:49 | Build | Farm |
| 14:49 | Build | Farm |
| 14:51 | Build | Farm |
| 15:24 | Build | Farm |
| 15:47 | Queue | Villager (Male) |
| 15:50 | Build | Farm |
| 15:56 | Build | House |
| 15:57 | Build | House |
| 15:59 | Build | House |
| 16:02 | Build | House |
| 16:12 | Queue | Villager (Male) |
| 16:16 | Build | Farm |
| 16:40 | Build | Farm |
| 16:54 | Research | Castle Age |
| 17:39 | Research | Horse Collar |
| 17:44 | Research | Wheelbarrow |
| 17:57 | Research | Stone Mining |
| 18:09 | Research | Gold Mining |
| 18:59 | Queue | Villager (Male) |
| 19:33 | Age | Castle Age |
| 19:36 | Build | Town Center |
| 19:41 | Build | Town Center |
| 19:46 | Research | Heavy Plow |
| 20:15 | Queue | Villager (Male) |
| 20:15 | Queue | Villager (Male) |
| 20:15 | Queue | Villager (Male) |
| 20:16 | Queue | Villager (Male) |
| 20:36 | Queue | Villager (Male) |
| 20:37 | Queue | Villager (Male) |
| 20:47 | Queue | Villager (Male) |
| 20:48 | Queue | Villager (Male) |
| 20:48 | Queue | Villager (Male) |
| 20:48 | Queue | Villager (Male) |
| 20:58 | Build | Monastery |
| 21:10 | Research | Loom |
| 21:11 | Queue | Villager (Male) |
| 21:12 | Queue | Villager (Male) |
| 21:12 | Queue | Villager (Male) |
| 21:18 | Queue | Villager (Male) |
| 21:19 | Queue | Villager (Male) |
| 21:19 | Queue | Villager (Male) |
| 21:19 | Queue | Villager (Male) |
| 21:31 | Queue | Villager (Male) |
| 21:31 | Queue | Villager (Male) |
| 21:32 | Queue | Villager (Male) |
| 21:41 | Queue | Monk |
| 21:46 | Queue | Villager (Male) |
| 21:47 | Queue | Villager (Male) |
| 22:13 | Build | Farm |
| 22:14 | Build | Farm |
| 22:14 | Build | Farm |
| 22:14 | Build | Farm |
| 22:15 | Build | Farm |
| 22:18 | Queue | Villager (Male) |
| 22:18 | Queue | Villager (Male) |
| 22:18 | Queue | Villager (Male) |
| 22:19 | Queue | Villager (Male) |
| 22:19 | Queue | Villager (Male) |
| 22:37 | Build | Castle |
| 23:08 | Research | Scale Barding Armor |
| 23:09 | Research | Forging |
| 23:28 | Queue | Villager (Male) |
| 23:29 | Queue | Villager (Male) |
| 23:29 | Queue | Villager (Male) |
| 23:29 | Queue | Villager (Male) |
| 23:47 | Queue | Villager (Male) |
| 23:47 | Queue | Villager (Male) |
Build order — Big Titty Skaven GF
First 150 of 207 actions detected
| 0:03 | Queue | Villager (Male) |
| 0:04 | Queue | Villager (Male) |
| 0:04 | Queue | Villager (Male) |
| 0:04 | Queue | Villager (Male) |
| 0:06 | Build | House |
| 0:07 | Build | House |
| 1:32 | Queue | Villager (Male) |
| 1:53 | Queue | Villager (Male) |
| 1:54 | Queue | Villager (Male) |
| 2:29 | Queue | Villager (Male) |
| 2:31 | Queue | Villager (Male) |
| 2:41 | Build | Mill |
| 3:08 | Queue | Villager (Male) |
| 3:27 | Build | House |
| 3:28 | Build | House |
| 3:32 | Queue | Villager (Male) |
| 3:32 | Queue | Villager (Male) |
| 4:06 | Queue | Villager (Male) |
| 4:27 | Queue | Villager (Male) |
| 5:16 | Queue | Villager (Male) |
| 6:02 | Queue | Villager (Male) |
| 6:03 | Queue | Villager (Male) |
| 6:03 | Queue | Villager (Male) |
| 6:03 | Queue | Villager (Male) |
| 6:03 | Queue | Villager (Male) |
| 6:03 | Queue | Villager (Male) |
| 6:06 | Queue | Villager (Male) |
| 6:17 | Build | Lumber Camp |
| 7:43 | Build | Mill |
| 7:56 | Queue | Villager (Male) |
| 8:09 | Build | Farm |
| 8:10 | Build | Farm |
| 8:11 | Build | Farm |
| 8:15 | Build | Farm |
| 8:41 | Build | Farm |
| 9:06 | Build | Mining Camp |
| 9:10 | Research | Feudal Age |
| 9:55 | Build | House |
| 9:56 | Build | House |
| 10:06 | Build | Farm |
| 11:20 | Age | Feudal Age |
| 11:27 | Build | Market |
| 11:32 | Build | Blacksmith |
| 12:32 | Research | Castle Age |
| 14:03 | Research | Horse Collar |
| 14:04 | Research | Horse Collar |
| 14:06 | Research | Double-Bit Axe |
| 14:07 | Research | Double-Bit Axe |
| 14:10 | Research | Gold Mining |
| 15:03 | Queue | Villager (Male) |
| 15:12 | Age | Castle Age |
| 15:17 | Queue | Villager (Male) |
| 15:17 | Queue | Villager (Male) |
| 15:25 | Build | Town Center |
| 15:39 | Build | Monastery |
| 15:49 | Queue | Villager (Male) |
| 15:51 | Queue | Villager (Male) |
| 16:27 | Build | Siege Workshop |
| 16:31 | Queue | Monk |
| 16:31 | Queue | Monk |
| 16:36 | Queue | Villager (Male) |
| 16:37 | Queue | Villager (Male) |
| 16:42 | Queue | Villager (Male) |
| 16:58 | Queue | Villager (Male) |
| 16:59 | Queue | Villager (Male) |
| 16:59 | Queue | Villager (Male) |
| 17:08 | Queue | Villager (Male) |
| 17:08 | Queue | Villager (Male) |
| 17:13 | Build | House |
| 17:14 | Build | House |
| 17:15 | Build | House |
| 17:16 | Build | House |
| 17:44 | Build | Farm |
| 17:54 | Queue | Villager (Male) |
| 17:54 | Queue | Villager (Male) |
| 17:54 | Queue | Villager (Male) |
| 17:59 | Build | Farm |
| 18:03 | Queue | Villager (Male) |
| 18:29 | Queue | Villager (Male) |
| 18:29 | Queue | Villager (Male) |
| 18:33 | Build | Farm |
| 18:38 | Build | Farm |
| 18:40 | Queue | Villager (Male) |
| 18:50 | Queue | Scorpion |
| 18:51 | Queue | Scorpion |
| 19:11 | Build | Lumber Camp |
| 19:22 | Queue | Scorpion |
| 19:26 | Build | House |
| 19:31 | Queue | Villager (Male) |
| 19:32 | Queue | Villager (Male) |
| 19:32 | Queue | Villager (Male) |
| 19:38 | Build | Farm |
| 19:57 | Build | House |
| 20:00 | Queue | Villager (Male) |
| 20:00 | Queue | Villager (Male) |
| 20:04 | Build | Farm |
| 20:09 | Queue | Scorpion |
| 20:31 | Build | Barracks |
| 20:47 | Queue | Scorpion |
| 20:50 | Queue | Villager (Male) |
| 20:50 | Queue | Villager (Male) |
| 20:51 | Queue | Villager (Male) |
| 21:06 | Build | House |
| 21:08 | Queue | Villager (Male) |
| 21:09 | Queue | Villager (Male) |
| 21:17 | Build | Lumber Camp |
| 21:23 | Queue | Villager (Male) |
| 21:37 | Queue | Scorpion |
| 21:37 | Queue | Scorpion |
| 21:39 | Queue | Scorpion |
| 21:44 | Build | House |
| 21:46 | Build | House |
| 21:50 | Research | Loom |
| 21:56 | Build | Farm |
| 22:00 | Build | Farm |
| 22:02 | Build | Farm |
| 22:05 | Build | Farm |
| 22:07 | Queue | Villager (Male) |
| 22:07 | Queue | Villager (Male) |
| 22:08 | Queue | Villager (Male) |
| 22:16 | Queue | Spearman |
| 23:00 | Queue | Scorpion |
| 23:00 | Queue | Scorpion |
| 23:06 | Queue | Villager (Male) |
| 23:06 | Queue | Villager (Male) |
| 23:07 | Queue | Villager (Male) |
| 23:07 | Queue | Villager (Male) |
| 23:07 | Queue | Villager (Male) |
| 23:10 | Build | Farm |
| 23:12 | Build | Farm |
| 23:14 | Build | Farm |
| 23:21 | Build | Farm |
| 23:30 | Queue | Scorpion |
| 23:40 | Build | Mining Camp |
| 23:43 | Queue | Villager (Male) |
| 23:43 | Queue | Villager (Male) |
| 23:44 | Queue | Villager (Male) |
| 23:48 | Build | House |
| 23:49 | Build | House |
| 23:50 | Build | House |
| 23:57 | Queue | Scorpion |
| 23:58 | Queue | Spearman |
| 23:59 | Queue | Spearman |
| 24:02 | Queue | Spearman |
| 24:51 | Build | Stable |
| 24:52 | Build | Stable |
| 25:02 | Build | Farm |
| 25:07 | Build | Farm |
| 25:09 | Queue | Villager (Male) |
| 25:09 | Queue | Villager (Male) |
Build order — Arno l'architecte
First 150 of 303 actions detected
| 0:09 | Queue | Villager (Male) |
| 0:09 | Queue | Villager (Male) |
| 0:09 | Queue | Villager (Male) |
| 0:10 | Queue | Villager (Male) |
| 0:10 | Queue | Villager (Male) |
| 0:13 | Build | House |
| 0:16 | Build | House |
| 1:45 | Queue | Villager (Male) |
| 1:57 | Build | Lumber Camp |
| 2:29 | Queue | Villager (Male) |
| 2:50 | Queue | Villager (Male) |
| 3:14 | Queue | Villager (Male) |
| 3:14 | Queue | Villager (Male) |
| 3:32 | Queue | Villager (Male) |
| 3:58 | Queue | Villager (Male) |
| 4:11 | Queue | Villager (Male) |
| 4:11 | Queue | Villager (Male) |
| 4:38 | Build | House |
| 4:39 | Build | House |
| 4:41 | Build | House |
| 4:42 | Build | House |
| 4:53 | Queue | Villager (Male) |
| 5:25 | Build | House |
| 5:26 | Build | House |
| 5:27 | Build | House |
| 5:51 | Build | House |
| 5:52 | Build | House |
| 5:53 | Build | House |
| 5:59 | Build | Mill |
| 6:00 | Queue | Villager (Male) |
| 6:00 | Queue | Villager (Male) |
| 6:00 | Queue | Villager (Male) |
| 6:07 | Research | Loom |
| 6:41 | Queue | Villager (Male) |
| 6:42 | Queue | Villager (Male) |
| 7:50 | Queue | Villager (Male) |
| 7:50 | Queue | Villager (Male) |
| 7:51 | Queue | Villager (Male) |
| 8:08 | Build | House |
| 8:10 | Build | House |
| 8:15 | Build | House |
| 8:18 | Build | House |
| 8:49 | Queue | Villager (Male) |
| 8:50 | Queue | Villager (Male) |
| 9:02 | Queue | Villager (Male) |
| 9:46 | Queue | Villager (Male) |
| 9:47 | Queue | Villager (Male) |
| 10:17 | Build | Mining Camp |
| 11:07 | Research | Feudal Age |
| 11:39 | Build | Mill |
| 12:15 | Build | House |
| 12:25 | Build | House |
| 12:28 | Build | House |
| 12:38 | Queue | Villager (Male) |
| 12:39 | Queue | Villager (Male) |
| 12:39 | Queue | Villager (Male) |
| 13:13 | Queue | Villager (Male) |
| 13:14 | Queue | Villager (Male) |
| 13:14 | Queue | Villager (Male) |
| 13:17 | Age | Feudal Age |
| 13:27 | Build | Market |
| 13:30 | Build | Blacksmith |
| 13:34 | Build | House |
| 13:35 | Build | House |
| 13:37 | Build | House |
| 13:39 | Build | House |
| 13:40 | Build | House |
| 13:42 | Build | House |
| 13:43 | Build | House |
| 14:02 | Build | Mining Camp |
| 14:30 | Build | House |
| 14:32 | Build | House |
| 14:38 | Build | Barracks |
| 14:45 | Build | Farm |
| 14:46 | Build | Farm |
| 14:49 | Build | Farm |
| 14:51 | Build | Farm |
| 14:52 | Build | Farm |
| 15:06 | Queue | Villager (Male) |
| 15:06 | Queue | Villager (Male) |
| 15:06 | Queue | Villager (Male) |
| 15:38 | Build | Farm |
| 15:40 | Build | Farm |
| 15:42 | Build | Farm |
| 15:43 | Build | Farm |
| 16:15 | Build | Farm |
| 16:21 | Build | Farm |
| 16:26 | Build | Farm |
| 16:44 | Build | Farm |
| 16:55 | Build | House |
| 16:58 | Build | House |
| 17:01 | Build | House |
| 17:17 | Build | Farm |
| 17:25 | Queue | Villager (Male) |
| 17:53 | Research | Castle Age |
| 18:03 | Build | House |
| 18:05 | Build | House |
| 18:07 | Build | House |
| 18:58 | Research | Horse Collar |
| 19:01 | Research | Double-Bit Axe |
| 19:33 | Build | House |
| 19:35 | Build | House |
| 19:36 | Build | House |
| 19:38 | Build | House |
| 19:39 | Build | House |
| 19:55 | Research | Stone Mining |
| 19:57 | Research | Gold Mining |
| 20:33 | Age | Castle Age |
| 20:39 | Queue | Villager (Male) |
| 20:39 | Queue | Villager (Male) |
| 20:40 | Queue | Villager (Male) |
| 20:50 | Build | Monastery |
| 21:02 | Queue | Villager (Male) |
| 21:03 | Queue | Villager (Male) |
| 21:03 | Queue | Villager (Male) |
| 21:03 | Queue | Villager (Male) |
| 21:04 | Queue | Villager (Male) |
| 21:04 | Queue | Villager (Male) |
| 21:53 | Build | Castle |
| 22:03 | Build | Mining Camp |
| 22:06 | Queue | Monk |
| 22:33 | Queue | Villager (Male) |
| 23:42 | Build | Town Center |
| 23:57 | Build | Town Center |
| 24:31 | Build | Siege Workshop |
| 25:00 | Queue | Villager (Male) |
| 25:02 | Queue | Villager (Male) |
| 25:03 | Queue | Villager (Male) |
| 25:03 | Queue | Villager (Male) |
| 25:03 | Queue | Villager (Male) |
| 25:06 | Queue | Villager (Male) |
| 25:06 | Queue | Villager (Male) |
| 25:07 | Queue | Villager (Male) |
| 25:34 | Queue | Villager (Male) |
| 25:38 | Queue | Villager (Male) |
| 25:38 | Queue | Villager (Male) |
| 25:39 | Queue | Villager (Male) |
| 25:43 | Queue | Villager (Male) |
| 26:03 | Research | Gold Shaft Mining |
| 26:06 | Research | Bow Saw |
| 26:15 | Queue | Villager (Male) |
| 26:15 | Queue | Villager (Male) |
| 26:16 | Queue | Villager (Male) |
| 27:18 | Build | House |
| 27:19 | Build | House |
| 27:21 | Build | House |
| 27:30 | Queue | Villager (Male) |
| 27:30 | Queue | Villager (Male) |
| 27:30 | Queue | Villager (Male) |
| 27:45 | Queue | Villager (Male) |
Build order — CDLP_Themachine
First 150 of 185 actions detected
| 0:03 | Queue | Villager (Male) |
| 0:03 | Queue | Villager (Male) |
| 0:03 | Queue | Villager (Male) |
| 0:04 | Queue | Villager (Male) |
| 0:05 | Build | House |
| 0:07 | Build | House |
| 1:42 | Queue | Villager (Male) |
| 1:42 | Queue | Villager (Male) |
| 1:49 | Build | House |
| 2:01 | Build | Lumber Camp |
| 2:11 | Queue | Villager (Male) |
| 2:11 | Queue | Villager (Male) |
| 2:26 | Queue | Villager (Male) |
| 2:27 | Queue | Villager (Male) |
| 3:00 | Queue | Villager (Male) |
| 3:18 | Build | House |
| 3:21 | Queue | Villager (Male) |
| 3:21 | Queue | Villager (Male) |
| 3:46 | Queue | Villager (Male) |
| 3:46 | Queue | Villager (Male) |
| 4:03 | Queue | Villager (Male) |
| 4:04 | Queue | Villager (Male) |
| 4:37 | Queue | Villager (Male) |
| 4:37 | Queue | Villager (Male) |
| 4:47 | Build | Mill |
| 4:57 | Research | Loom |
| 5:38 | Queue | Villager (Male) |
| 5:39 | Queue | Villager (Male) |
| 5:39 | Queue | Villager (Male) |
| 5:39 | Queue | Villager (Male) |
| 5:39 | Queue | Villager (Male) |
| 6:39 | Queue | Villager (Male) |
| 6:40 | Queue | Villager (Male) |
| 7:00 | Queue | Villager (Male) |
| 7:00 | Queue | Villager (Male) |
| 7:00 | Queue | Villager (Male) |
| 7:25 | Queue | Villager (Male) |
| 7:57 | Build | Farm |
| 8:22 | Build | House |
| 8:29 | Build | Mining Camp |
| 8:43 | Research | Feudal Age |
| 11:09 | Age | Feudal Age |
| 11:26 | Build | Market |
| 11:37 | Build | Blacksmith |
| 12:42 | Research | Castle Age |
| 12:53 | Build | Mining Camp |
| 13:12 | Research | Double-Bit Axe |
| 13:15 | Queue | Villager (Male) |
| 13:16 | Queue | Villager (Male) |
| 13:59 | Build | House |
| 15:22 | Age | Castle Age |
| 15:23 | Queue | Villager (Male) |
| 16:03 | Build | Castle |
| 16:44 | Queue | Villager (Male) |
| 16:44 | Queue | Villager (Male) |
| 16:44 | Queue | Villager (Male) |
| 17:08 | Build | Palisade Wall |
| 17:47 | Queue | Villager (Male) |
| 17:47 | Queue | Villager (Male) |
| 18:11 | Queue | Hussite Wagon |
| 18:12 | Queue | Hussite Wagon |
| 18:12 | Queue | Hussite Wagon |
| 18:12 | Queue | Hussite Wagon |
| 18:12 | Queue | Hussite Wagon |
| 18:13 | Queue | Hussite Wagon |
| 18:13 | Queue | Hussite Wagon |
| 18:34 | Queue | Hussite Wagon |
| 18:34 | Queue | Hussite Wagon |
| 18:39 | Build | Farm |
| 19:00 | Build | Mining Camp |
| 19:12 | Queue | Villager (Male) |
| 19:56 | Build | Farm |
| 20:30 | Build | Siege Workshop |
| 20:47 | Queue | Villager (Male) |
| 20:48 | Queue | Villager (Male) |
| 21:16 | Queue | Mangonel |
| 21:26 | Build | House |
| 21:26 | Build | House |
| 21:32 | Build | Farm |
| 22:08 | Queue | Hussite Wagon |
| 22:38 | Queue | Hussite Wagon |
| 22:38 | Queue | Hussite Wagon |
| 22:51 | Research | Fletching |
| 23:24 | Queue | Hussite Wagon |
| 23:24 | Queue | Hussite Wagon |
| 23:30 | Queue | Villager (Male) |
| 23:31 | Queue | Villager (Male) |
| 23:31 | Queue | Villager (Male) |
| 23:51 | Queue | Hussite Wagon |
| 23:52 | Queue | Hussite Wagon |
| 24:02 | Queue | Hussite Wagon |
| 24:03 | Queue | Hussite Wagon |
| 25:41 | Build | Castle |
| 25:46 | Build | Farm |
| 25:46 | Build | Farm |
| 25:48 | Research | Wheelbarrow |
| 25:53 | Queue | Battering Ram |
| 25:53 | Queue | Battering Ram |
| 26:10 | Queue | Villager (Male) |
| 26:11 | Queue | Villager (Male) |
| 26:14 | Queue | Hussite Wagon |
| 26:15 | Queue | Hussite Wagon |
| 26:15 | Queue | Hussite Wagon |
| 26:28 | Build | Farm |
| 27:58 | Build | Farm |
| 28:00 | Queue | Villager (Male) |
| 28:00 | Queue | Villager (Male) |
| 28:00 | Queue | Villager (Male) |
| 28:48 | Queue | Battering Ram |
| 28:48 | Queue | Battering Ram |
| 29:11 | Build | Farm |
| 29:12 | Build | Farm |
| 29:13 | Queue | Villager (Male) |
| 29:14 | Queue | Villager (Male) |
| 29:14 | Queue | Villager (Male) |
| 29:14 | Queue | Villager (Male) |
| 29:42 | Build | Farm |
| 29:51 | Build | Farm |
| 30:37 | Queue | Mangonel |
| 30:38 | Queue | Mangonel |
| 31:08 | Build | Farm |
| 31:09 | Build | Farm |
| 31:13 | Queue | Hussite Wagon |
| 31:13 | Queue | Hussite Wagon |
| 31:13 | Queue | Hussite Wagon |
| 31:16 | Queue | Villager (Male) |
| 31:16 | Queue | Villager (Male) |
| 31:16 | Queue | Villager (Male) |
| 31:17 | Queue | Villager (Male) |
| 31:17 | Queue | Villager (Male) |
| 31:17 | Queue | Villager (Male) |
| 31:17 | Queue | Villager (Male) |
| 31:18 | Queue | Villager (Male) |
| 31:40 | Queue | Hussite Wagon |
| 31:47 | Queue | Villager (Male) |
| 31:47 | Queue | Villager (Male) |
| 31:48 | Queue | Villager (Male) |
| 32:05 | Queue | Villager (Male) |
| 32:05 | Queue | Villager (Male) |
| 32:09 | Build | Lumber Camp |
| 32:18 | Queue | Hussite Wagon |
| 32:18 | Queue | Hussite Wagon |
| 32:20 | Queue | Villager (Male) |
| 32:20 | Queue | Villager (Male) |
| 32:21 | Queue | Villager (Male) |
| 32:21 | Queue | Villager (Male) |
| 33:09 | Queue | Hussite Wagon |
| 33:09 | Queue | Hussite Wagon |
| 33:10 | Queue | Villager (Male) |
| 33:10 | Queue | Villager (Male) |
Build order — AlexTheDragon
First 150 of 246 actions detected
| 0:03 | Build | House |
| 0:04 | Build | House |
| 0:05 | Queue | Villager (Male) |
| 0:05 | Queue | Villager (Male) |
| 0:06 | Queue | Villager (Male) |
| 0:06 | Queue | Villager (Male) |
| 0:06 | Queue | Villager (Male) |
| 1:48 | Queue | Villager (Male) |
| 1:49 | Queue | Villager (Male) |
| 2:00 | Build | Lumber Camp |
| 2:18 | Queue | Villager (Male) |
| 2:18 | Queue | Villager (Male) |
| 2:31 | Queue | Villager (Male) |
| 2:31 | Queue | Villager (Male) |
| 3:01 | Queue | Villager (Male) |
| 3:01 | Queue | Villager (Male) |
| 3:16 | Queue | Villager (Male) |
| 3:16 | Queue | Villager (Male) |
| 3:41 | Build | House |
| 3:42 | Build | House |
| 3:47 | Queue | Villager (Male) |
| 3:47 | Queue | Villager (Male) |
| 4:23 | Queue | Villager (Male) |
| 4:23 | Queue | Villager (Male) |
| 4:33 | Build | House |
| 4:34 | Build | House |
| 4:42 | Queue | Villager (Male) |
| 4:55 | Build | Mill |
| 5:17 | Queue | Villager (Male) |
| 5:17 | Queue | Villager (Male) |
| 5:17 | Queue | Villager (Male) |
| 5:18 | Queue | Villager (Male) |
| 6:02 | Queue | Villager (Male) |
| 6:02 | Queue | Villager (Male) |
| 6:02 | Queue | Villager (Male) |
| 6:32 | Queue | Villager (Male) |
| 6:33 | Queue | Villager (Male) |
| 7:11 | Queue | Villager (Male) |
| 7:12 | Queue | Villager (Male) |
| 7:12 | Queue | Villager (Male) |
| 7:12 | Queue | Villager (Male) |
| 7:13 | Queue | Villager (Male) |
| 7:59 | Build | Mill |
| 8:12 | Build | Mining Camp |
| 9:15 | Research | Feudal Age |
| 9:17 | Research | Loom |
| 9:41 | Build | House |
| 9:42 | Build | House |
| 9:50 | Build | House |
| 9:57 | Build | House |
| 9:59 | Build | House |
| 10:05 | Queue | Villager (Male) |
| 10:05 | Queue | Villager (Male) |
| 10:05 | Queue | Villager (Male) |
| 10:26 | Research | Loom |
| 11:25 | Age | Feudal Age |
| 11:26 | Research | Horse Collar |
| 11:26 | Research | Horse Collar |
| 11:34 | Build | Blacksmith |
| 11:42 | Build | Market |
| 12:04 | Build | Farm |
| 12:05 | Build | Farm |
| 12:06 | Build | Farm |
| 12:07 | Build | Farm |
| 12:09 | Build | Farm |
| 12:10 | Build | Farm |
| 12:27 | Build | Farm |
| 12:53 | Build | Farm |
| 13:08 | Queue | Villager (Male) |
| 13:09 | Queue | Villager (Male) |
| 13:09 | Queue | Villager (Male) |
| 13:37 | Build | Farm |
| 14:04 | Build | Farm |
| 14:32 | Research | Castle Age |
| 14:32 | Research | Castle Age |
| 14:41 | Build | Farm |
| 16:48 | Queue | Villager (Male) |
| 16:48 | Queue | Villager (Male) |
| 16:49 | Queue | Villager (Male) |
| 17:12 | Age | Castle Age |
| 17:14 | Research | Heavy Plow |
| 17:20 | Build | Monastery |
| 17:25 | Build | Town Center |
| 18:03 | Queue | Monk |
| 18:04 | Queue | Monk |
| 18:04 | Queue | Monk |
| 18:07 | Build | House |
| 18:08 | Build | House |
| 18:37 | Queue | Villager (Male) |
| 18:37 | Queue | Villager (Male) |
| 18:38 | Queue | Villager (Male) |
| 18:38 | Queue | Villager (Male) |
| 18:38 | Queue | Villager (Male) |
| 18:42 | Research | Double-Bit Axe |
| 18:47 | Queue | Villager (Male) |
| 18:47 | Queue | Villager (Male) |
| 18:48 | Queue | Villager (Male) |
| 18:48 | Queue | Villager (Male) |
| 18:48 | Queue | Villager (Male) |
| 19:23 | Build | Town Center |
| 19:40 | Build | Farm |
| 19:49 | Build | Farm |
| 20:18 | Build | House |
| 20:19 | Build | House |
| 20:21 | Queue | Monk |
| 20:30 | Build | Farm |
| 20:31 | Build | Farm |
| 20:33 | Queue | Villager (Male) |
| 20:34 | Queue | Villager (Male) |
| 20:43 | Queue | Villager (Male) |
| 20:43 | Queue | Villager (Male) |
| 21:12 | Build | Farm |
| 21:16 | Build | Farm |
| 21:37 | Build | Market |
| 22:04 | Queue | Monk |
| 22:09 | Queue | Villager (Male) |
| 22:10 | Queue | Villager (Male) |
| 22:10 | Queue | Villager (Male) |
| 22:16 | Queue | Villager (Male) |
| 22:16 | Queue | Villager (Male) |
| 22:30 | Build | House |
| 22:31 | Build | House |
| 22:32 | Build | House |
| 22:33 | Build | House |
| 22:34 | Build | House |
| 22:35 | Build | House |
| 22:38 | Build | Town Center |
| 22:39 | Queue | Villager (Male) |
| 22:39 | Queue | Villager (Male) |
| 22:40 | Queue | Villager (Male) |
| 22:40 | Queue | Villager (Male) |
| 23:35 | Queue | Villager (Male) |
| 23:35 | Queue | Villager (Male) |
| 23:36 | Queue | Villager (Male) |
| 23:36 | Queue | Villager (Male) |
| 23:41 | Build | Town Center |
| 23:44 | Build | Farm |
| 23:51 | Queue | Villager (Male) |
| 23:51 | Queue | Villager (Male) |
| 23:52 | Queue | Villager (Male) |
| 23:57 | Queue | Villager (Male) |
| 23:57 | Queue | Villager (Male) |
| 23:57 | Queue | Villager (Male) |
| 23:57 | Queue | Villager (Male) |
| 23:58 | Queue | Villager (Male) |
| 24:31 | Research | Stone Mining |
| 24:31 | Research | Gold Mining |
| 25:00 | Build | Farm |
| 25:03 | Queue | Villager (Male) |
| 25:04 | Queue | Villager (Male) |
Build order — 一株雪见草
First 150 of 165 actions detected
| 0:02 | Build | House |
| 0:04 | Build | House |
| 0:07 | Queue | Villager (Male) |
| 0:07 | Queue | Villager (Male) |
| 0:07 | Queue | Villager (Male) |
| 0:08 | Queue | Villager (Male) |
| 1:38 | Queue | Villager (Male) |
| 1:53 | Build | Lumber Camp |
| 2:14 | Queue | Villager (Male) |
| 2:28 | Queue | Villager (Male) |
| 2:57 | Queue | Villager (Male) |
| 3:29 | Queue | Villager (Male) |
| 3:59 | Queue | Villager (Male) |
| 3:59 | Queue | Villager (Male) |
| 4:19 | Build | House |
| 4:33 | Queue | Villager (Male) |
| 4:50 | Build | House |
| 5:03 | Queue | Villager (Male) |
| 5:07 | Build | Mill |
| 5:20 | Queue | Villager (Male) |
| 5:26 | Build | House |
| 5:58 | Queue | Villager (Male) |
| 5:58 | Queue | Villager (Male) |
| 6:17 | Queue | Villager (Male) |
| 6:50 | Queue | Villager (Male) |
| 7:08 | Queue | Villager (Male) |
| 7:32 | Build | Mill |
| 7:36 | Queue | Villager (Male) |
| 8:07 | Build | Farm |
| 8:23 | Queue | Villager (Male) |
| 8:23 | Queue | Villager (Male) |
| 8:36 | Build | Farm |
| 9:00 | Build | Farm |
| 9:17 | Queue | Villager (Male) |
| 9:22 | Build | Farm |
| 9:48 | Build | Farm |
| 9:51 | Queue | Villager (Male) |
| 9:51 | Queue | Villager (Male) |
| 9:54 | Queue | Villager (Male) |
| 10:12 | Research | Feudal Age |
| 10:22 | Build | Mining Camp |
| 11:08 | Build | Farm |
| 11:29 | Queue | Villager (Male) |
| 11:29 | Queue | Villager (Male) |
| 12:46 | Build | House |
| 13:16 | Age | Feudal Age |
| 13:19 | Build | Blacksmith |
| 13:27 | Build | Market |
| 13:37 | Research | Double-Bit Axe |
| 13:40 | Research | Gold Mining |
| 14:12 | Research | Castle Age |
| 14:12 | Research | Castle Age |
| 15:04 | Queue | Villager (Male) |
| 15:05 | Queue | Villager (Male) |
| 16:09 | Build | Farm |
| 16:52 | Age | Castle Age |
| 16:59 | Build | Siege Workshop |
| 17:05 | Build | Monastery |
| 17:46 | Research | Imperial Age |
| 17:59 | Build | Barracks |
| 18:41 | Build | Archery Range |
| 18:49 | Build | Archery Range |
| 19:20 | Build | House |
| 19:41 | Build | Archery Range |
| 19:48 | Build | Farm |
| 20:02 | Queue | Villager (Male) |
| 20:03 | Queue | Villager (Male) |
| 20:36 | Build | House |
| 20:56 | Age | Imperial Age |
| 21:05 | Queue | Hand Cannoneer |
| 21:05 | Queue | Hand Cannoneer |
| 21:10 | Queue | Bombard Cannon |
| 21:34 | Queue | Hand Cannoneer |
| 21:35 | Queue | Hand Cannoneer |
| 21:38 | Build | Farm |
| 21:46 | Build | House |
| 22:01 | Queue | Hand Cannoneer |
| 22:01 | Queue | Hand Cannoneer |
| 22:10 | Queue | Bombard Cannon |
| 22:20 | Queue | Hand Cannoneer |
| 22:20 | Queue | Hand Cannoneer |
| 22:33 | Queue | Hand Cannoneer |
| 22:33 | Queue | Hand Cannoneer |
| 22:39 | Build | Farm |
| 22:42 | Queue | Villager (Male) |
| 23:09 | Queue | Villager (Male) |
| 23:10 | Queue | Villager (Male) |
| 23:16 | Build | Farm |
| 23:45 | Queue | Villager (Male) |
| 23:49 | Build | Mining Camp |
| 24:06 | Queue | Hand Cannoneer |
| 24:06 | Queue | Hand Cannoneer |
| 24:08 | Build | House |
| 24:52 | Build | House |
| 24:59 | Queue | Villager (Male) |
| 24:59 | Queue | Villager (Male) |
| 25:01 | Queue | Bombard Cannon |
| 25:01 | Queue | Bombard Cannon |
| 25:19 | Queue | Hand Cannoneer |
| 25:20 | Queue | Hand Cannoneer |
| 26:10 | Queue | Bombard Cannon |
| 26:20 | Queue | Hand Cannoneer |
| 26:20 | Queue | Hand Cannoneer |
| 26:23 | Build | House |
| 27:00 | Research | Padded Archer Armor |
| 27:38 | Queue | Hand Cannoneer |
| 27:38 | Queue | Hand Cannoneer |
| 27:40 | Queue | Villager (Male) |
| 27:41 | Queue | Villager (Male) |
| 27:41 | Queue | Villager (Male) |
| 27:47 | Build | Town Center |
| 28:13 | Queue | Villager (Male) |
| 29:06 | Build | House |
| 29:09 | Build | House |
| 29:09 | Build | House |
| 29:09 | Build | House |
| 29:10 | Build | House |
| 30:14 | Queue | Villager (Male) |
| 30:14 | Queue | Villager (Male) |
| 30:14 | Queue | Villager (Male) |
| 30:18 | Queue | Villager (Male) |
| 30:18 | Queue | Villager (Male) |
| 30:18 | Queue | Villager (Male) |
| 30:24 | Queue | Bombard Cannon |
| 30:24 | Queue | Bombard Cannon |
| 31:12 | Queue | Bombard Cannon |
| 31:15 | Build | House |
| 31:17 | Queue | Villager (Male) |
| 31:19 | Build | Farm |
| 31:20 | Build | Farm |
| 31:22 | Queue | Villager (Male) |
| 32:03 | Queue | Villager (Male) |
| 32:03 | Queue | Villager (Male) |
| 32:05 | Build | Farm |
| 32:07 | Build | Farm |
| 32:11 | Queue | Villager (Male) |
| 32:12 | Queue | Villager (Male) |
| 32:12 | Queue | Villager (Male) |
| 32:12 | Queue | Villager (Male) |
| 32:15 | Queue | Villager (Male) |
| 33:45 | Queue | Villager (Male) |
| 33:45 | Queue | Villager (Male) |
| 33:45 | Queue | Villager (Male) |
| 33:46 | Research | Loom |
| 33:47 | Research | Wheelbarrow |
| 34:05 | Build | Mining Camp |
| 34:18 | Queue | Bombard Cannon |
| 34:18 | Queue | Bombard Cannon |
| 35:32 | Queue | Villager (Male) |
| 35:33 | Queue | Villager (Male) |
Match timeline
| 11:02 | Shif · age_up feudal |
| 11:09 | CDLP_Themachine · age_up feudal |
| 11:20 | Big Titty Skaven GF · age_up feudal |
| 11:25 | AlexTheDragon · age_up feudal |
| 12:27 | hknarsln · age_up feudal |
| 13:16 | 一株雪见草 · age_up feudal |
| 13:17 | Arno l'architecte · age_up feudal |
| 14:38 | Arno l'architecte · first_building Barracks |
| 15:12 | Big Titty Skaven GF · age_up castle |
| 15:22 | CDLP_Themachine · age_up castle |
| 15:39 | Big Titty Skaven GF · first_building Monastery |
| 16:03 | CDLP_Themachine · first_building Castle |
| 16:27 | Big Titty Skaven GF · first_building Siege Workshop |
| 16:52 | 一株雪见草 · age_up castle |
| 16:59 | 一株雪见草 · first_building Siege Workshop |
| 17:05 | 一株雪见草 · first_building Monastery |
| 17:08 | CDLP_Themachine · wall_segment Palisade Wall x3 |
| 17:12 | AlexTheDragon · age_up castle |
| 17:15 | Shif · age_up castle |
| 17:15 | Shif · wall_segment Stone Wall x14 |
| 17:20 | AlexTheDragon · first_building Monastery |
| 17:27 | Shif · wall_segment Stone Wall x4 |
| 17:32 | 一株雪见草 · first_market_sell 100 stone |
| 17:34 | 一株雪见草 · first_market_buy 100 food |
| 17:35 | Shif · wall_segment Stone Wall x12 |
| 17:59 | 一株雪见草 · first_building Barracks |
| 18:26 | Shif · first_building Barracks |
| 18:41 | 一株雪见草 · first_building Archery Range |
| 19:08 | Maxsterly · age_up feudal |
| 19:24 | Shif · first_building Siege Workshop |
| 19:33 | hknarsln · age_up castle |
| 20:02 | Shif · first_market_buy 100 wood |
| 20:03 | Shif · first_market_sell 100 food |
| 20:27 | Maxsterly · first_market_sell 100 food |
| 20:30 | Maxsterly · first_market_buy 100 wood |
| 20:30 | CDLP_Themachine · first_building Siege Workshop |
| 20:31 | Big Titty Skaven GF · first_building Barracks |
| 20:33 | Arno l'architecte · age_up castle |
| 20:50 | Arno l'architecte · first_building Monastery |
| 20:56 | 一株雪见草 · age_up imperial |
| 20:58 | hknarsln · first_building Monastery |
| 21:53 | Arno l'architecte · first_building Castle |
| 22:37 | hknarsln · first_building Castle |
| 23:10 | Maxsterly · first_building Barracks |
| 23:54 | Shif · first_building Castle |
| 24:01 | Maxsterly · wall_segment Stone Wall x8 |
| 24:16 | hknarsln · first_building Barracks |
| 24:21 | Maxsterly · first_building Stable |
| 24:30 | Maxsterly · age_up castle |
| 24:31 | Arno l'architecte · first_building Siege Workshop |
| 24:51 | Big Titty Skaven GF · first_building Stable |
| 25:00 | hknarsln · first_building Stable |
| 25:18 | Maxsterly · first_building Castle |
| 25:32 | AlexTheDragon · first_building Castle |
| 26:42 | AlexTheDragon · first_building Barracks |
| 28:42 | Big Titty Skaven GF · first_building Castle |
| 30:34 | AlexTheDragon · first_building Stable |
| 32:06 | AlexTheDragon · age_up imperial |
| 32:14 | Shif · age_up imperial |
| 32:29 | Big Titty Skaven GF · resign |
| 34:19 | Arno l'architecte · wall_segment Stone Wall x5 |
| 34:56 | hknarsln · age_up imperial |
| 35:18 | hknarsln · first_market_sell 500 wood |
| 36:28 | CDLP_Themachine · first_building Monastery |
| 36:41 | Arno l'architecte · age_up imperial |
| 37:49 | Shif · first_building Archery Range |
| 38:10 | 一株雪见草 · first_building Castle |
[ AI ANALYSIS · 1 CREDIT ]
What really happened in this match?
Wolo.gg analyzes every decision: build order, eco, micro, common mistakes by bracket. Personalized analysis on WhatsApp or Discord in 30 seconds.
Civ guide
Byzantines
Perfil
Jugador #7368832